[Event "Team 45 45 League T53"]
[Site "Internet Chess Club"]
[Date "2012.06.03"]
[Round "3"]
[White "Ptzz"]
[Black "chesskilleruk"]
[Result "1/2-1/2"]
[WhiteElo "2067"]
[BlackElo "2086"]
[Opening "Queen's pawn"]
[ECO "A40"]
[Time "09:00:32"]
[TimeControl "2700+45"]

1. d4 c6 2. c4 d6 3. e4 Nd7 4. Nf3 e5 5. Be2 Ngf6 6. Nc3 Be7 7. O-O Qc7 8. Re1
Nf8 9. d5 Ng6 10. b4 O-O 11. dxc6 bxc6 12. b5 Bd7 13. Bf1 h6 14. bxc6 Bxc6 15.
Nd5 Nxd5 16. cxd5 Bd7 17. Bd3 Rab8 18. Be3 Qa5 19. Qd2 Qa3 20. Rab1 Rfc8 21.
Rec1 Rxc1+ 22. Qxc1 Rxb1 23. Qxb1 Kh7 24. Qb3 Qa5 25. g3 Bg4 26. Kg2 Bxf3+ 27.
Kxf3 Qc7 28. Kg2 Bd8 29. Qb5 Ne7 30. Qe8 Ng8 31. Qc6 a5 32. f4 Nf6 33. Qxc7 Bxc7
34. fxe5 dxe5 35. Kf3 Bd6 36. Bb5 Bc7 37. Bc5 Ng8 38. d6 Bd8 39. Ke3 Kg6 40. Kd3
f5 41. exf5+ Kxf5 42. Bd7+ Kg6 43. Bc6 Kf5 44. Bd7+ Kg6 45. Be6 Nf6 46. Kc4 h5
47. Kb5 Ne4 48. Ba3 h4 49. gxh4 Kh5 50. Kc6 Nf6 51. Bb2 e4 52. Bxf6 Bxf6 53. d7
e3 54. Bc4 Kxh4 55. Bf1 Kg4 56. Kc7 Kf3 57. d8=Q Bxd8+ 58. Kxd8 Kf2 59. Bb5 g5
60. Ke7 e2 61. Bxe2 Kxe2 62. Kf6 g4 63. Kf5 Kf3 64. a4 g3 65. hxg3 Kxg3 66. Ke4
Kg4 67. Kd5 Kf5 68. Kc5 Ke6 69. Kb6 Kd7 70. Kxa5 Kc7 71. Ka6 Kb8 {Game drawn by
mutual agreement} 1/2-1/2

[Event "Team 45 45 League T53"]
[Site "Internet Chess Club"]
[Date "2012.05.31"]
[Round "3"]
[White "Logos1"]
[Black "Jack-ONeill"]
[Result "0-1"]
[WhiteElo "1980"]
[BlackElo "2082"]
[Opening "Sicilian defense"]
[ECO "B34"]
[Time "14:20:15"]
[TimeControl "2700+45"]

1. e4 c5 2. Nf3 Nc6 3. d4 cxd4 4. Nxd4 g6 5. Be2 Bg7 6. Be3 Nf6 7. Nc3 O-O 8.
Qd2 d5 9. exd5 Nxd5 10. Nxd5 Qxd5 11. Bf3 Qc4 12. Be2 Qd5 13. Bf3 Qa5 14. Nxc6
Qxd2+ 15. Kxd2 bxc6 16. Bxc6 Rb8 17. Rab1 a5 18. b3 Rd8+ 19. Ke2 Bf5 20. c4 Bd3+
21. Kf3 Bxb1 22. Rxb1 Bd4 23. Bd2 Rd6 24. Be4 Rf6+ 25. Ke2 Rxf2+ 26. Ke1 Rf6 27.
Kd1 Rd8 28. Bxa5 Bb6+ 29. Bd2 Rf1+ 30. Ke2 Rf2+ 31. Ke1 Rdxd2 32. Bf3 Rxa2 33.
b4 Rfb2 34. Rxb2 Rxb2 35. c5 Bc7 36. Bc6 Rxb4 {White resigns} 0-1

[Event "Team 45 45 League T53"]
[Site "Internet Chess Club"]
[Date "2012.06.03"]
[Round "3"]
[White "PandorasBox"]
[Black "kasperloff"]
[Result "1/2-1/2"]
[WhiteElo "1857"]
[BlackElo "1919"]
[Opening "English, 1...Nf6 (Anglo-Indian defense)"]
[ECO "A15"]
[Time "16:30:54"]
[TimeControl "2700+45"]

1. c4 Nf6 2. g3 c5 3. Bg2 Nc6 4. Nc3 g6 5. d3 Bg7 6. e4 O-O 7. Nge2 a6 8. O-O d6
9. Rb1 Rb8 10. f4 Ne8 11. a3 Bd7 12. b4 cxb4 13. axb4 b5 14. cxb5 axb5 15. Be3
Nc7 16. Qd2 f5 17. exf5 Rxf5 18. Rfc1 Qe8 19. d4 e6 20. Ne4 Qe7 21. g4 Rff8 22.
N4g3 d5 23. Rc2 {Game drawn by mutual agreement} 1/2-1/2

[Event "Team 45 45 League T53"]
[Site "Internet Chess Club"]
[Date "2012.06.02"]
[Round "3"]
[White "tenor"]
[Black "ivanson"]
[Result "1-0"]
[WhiteElo "1791"]
[BlackElo "1832"]
[Opening "King's Indian: Petrosian system"]
[ECO "E92"]
[Time "16:00:37"]
[TimeControl "2700+45"]

1. d4 Nf6 2. c4 g6 3. Nc3 Bg7 4. Nf3 d6 5. e4 O-O 6. Be2 e5 7. d5 Na6 8. O-O Nc5
9. Qc2 a5 10. Be3 b6 11. h3 Bd7 12. a3 Ne8 13. b4 axb4 14. axb4 Nb7 15. Qd2 f5
16. Bh6 Nf6 17. Bxg7 Kxg7 18. exf5 gxf5 19. Qg5+ Kh8 20. Nh4 Ng8 21. Qxd8 Rfxd8
22. Nf3 Rdc8 23. Kh2 Nf6 24. Nd2 c6 25. dxc6 Bxc6 26. Rfd1 Nd8 27. Nb3 Rxa1 28.
Rxa1 d5 29. cxd5 Nxd5 30. Nxd5 Bxd5 31. Nd2 Rc2 32. Rd1 Be6 33. Nf3 Nf7 34. Rd2
Rc3 35. Rb2 Kg7 36. h4 Kf6 37. Rd2 Rb3 38. b5 Ke7 39. h5 Bd7 40. Bc4 Rxf3 41.
gxf3 Nd6 42. Bd3 Nxb5 43. Bxb5 Bxb5 44. Rb2 Be2 45. Rxe2 {Black resigns} 1-0

[Event "Team 45 45 League T53"]
[Site "Internet Chess Club"]
[Date "2012.05.31"]
[Round "3"]
[White "chesswooog"]
[Black "Eyechess"]
[Result "0-1"]
[WhiteElo "2110"]
[BlackElo "2118"]
[Opening "French: advance, Milner-Barry gambit"]
[ECO "C02"]
[Time "20:00:46"]
[TimeControl "2700+45"]

1. e4 e6 2. d4 d5 3. e5 c5 4. c3 Qb6 5. Nf3 Nc6 6. Bd3 cxd4 7. cxd4 Bd7 8. O-O
Nxd4 9. Nxd4 Qxd4 10. Nc3 a6 11. Qe2 Ne7 12. Rd1 Nc6 13. Bxa6 Qxe5 14. Qxe5 Nxe5
15. Bxb7 Ra7 16. Bxd5 exd5 17. Re1 f6 18. f4 Bc5+ 19. Kh1 d4 20. Nd5 Bc6 21.
fxe5 Bxd5 22. exf6+ Kf7 23. fxg7 Kxg7 24. Re5 Rf8 25. Bh6+ Kxh6 26. Rxd5 Rxa2
27. Rc1 Ba7 28. Rc6+ Kg7 29. h4 Rf1+ 30. Kh2 Bb8+ 31. Kh3 Rxb2 32. Rxd4 Rb3+ 33.
Kg4 Rg3+ 34. Kh5 Rf5# {White checkmated} 0-1

[Event "Team 45 45 League T53"]
[Site "Internet Chess Club"]
[Date "2012.06.03"]
[Round "3"]
[White "Holzschlange"]
[Black "cesaralexander"]
[Result "0-1"]
[WhiteElo "1823"]
[BlackElo "1904"]
[Opening "QGA: Mannheim variation"]
[ECO "D23"]
[Time "12:05:12"]
[TimeControl "2700+45"]

1. d4 d5 2. Nf3 Nf6 3. c4 dxc4 4. Qa4+ Nbd7 5. Qxc4 c6 6. g3 Nb6 7. Qc2 g6 8.
Bg2 Bf5 9. Qb3 Bg7 10. O-O O-O 11. Nc3 a5 12. a4 Ne4 13. Rd1 Nxc3 14. bxc3 Be6
15. Qc2 Qd5 16. Nd2 Qh5 17. e4 c5 18. Rb1 Ra6 19. Bf1 c4 20. Rb5 f5 21. d5 Bd7
22. Rxb6 Rxb6 23. Nxc4 Ra6 24. Be2 Qh3 25. Ne3 f4 26. Bxa6 fxe3 27. Bf1 exf2+
28. Qxf2 Qh5 29. Qc2 Qf3 30. Ba3 Qe3+ 31. Kh1 Rf2 32. Qd3 Qxd3 33. Bxd3 Bxa4 34.
Rc1 Rd2 35. Bc4 Kf8 36. Rf1+ Ke8 37. d6 exd6 38. Rf7 Bxc3 39. Rg7 Bxg7 {White
resigns} 0-1

[Event "Team 45 45 League T53"]
[Site "Internet Chess Club"]
[Date "2012.06.04"]
[Round "3"]
[White "katikus"]
[Black "subterfuge"]
[Result "1-0"]
[WhiteElo "1819"]
[BlackElo "1706"]
[Opening "Caro-Kann: exchange, Rubinstein variation"]
[ECO "B13"]
[Time "19:00:19"]
[TimeControl "2700+45"]

1. e4 c6 2. d4 d5 3. exd5 cxd5 4. Bd3 Nf6 5. Bf4 Nc6 6. c3 a5 7. Ne2 e6 8. O-O
Bd6 9. Na3 O-O 10. Nb5 Ne8 11. Nxd6 Nxd6 12. Qc2 f5 13. Ng3 Ne4 14. f3 g5 15.
Bc1 Nd6 16. Re1 Bd7 17. f4 h6 18. fxg5 hxg5 19. Qe2 Qf6 20. Qh5 f4 21. Qh7#
{Black checkmated} 1-0

[Event "Team 45 45 League T53"]
[Site "Internet Chess Club"]
[Date "2012.06.03"]
[Round "3"]
[White "Tjet"]
[Black "tyler66"]
[Result "1/2-1/2"]
[WhiteElo "1458"]
[BlackElo "1416"]
[Opening "English opening"]
[ECO "A20"]
[Time "19:08:13"]
[TimeControl "2700+45"]

1. c4 e5 2. e4 Nf6 3. d3 Nc6 4. Nf3 Bc5 5. Bg5 h6 6. Bxf6 Qxf6 7. Nc3 Nd4 8. Nd5
Nxf3+ 9. Qxf3 Qxf3 10. gxf3 Bb6 11. Nxb6 axb6 12. Bh3 d6 13. Bxc8 Rxc8 14. Rg1
g6 15. Ke2 c6 16. b4 O-O 17. Rg4 Rfd8 18. f4 exf4 19. Rxf4 d5 20. h4 {Game drawn
by mutual agreement} 1/2-1/2

[Event "Team 45 45 League T53"]
[Site "Internet Chess Club"]
[Date "2012.06.02"]
[Round "3"]
[White "chesschessboy"]
[Black "Sandia"]
[Result "1/2-1/2"]
[WhiteElo "1370"]
[BlackElo "1337"]
[Opening "King's pawn game"]
[ECO "C50"]
[Time "20:09:03"]
[TimeControl "2700+45"]

1. e4 e5 2. Nf3 Nc6 3. Bc4 f6 4. Nc3 Bc5 5. d3 d6 6. h3 Bd7 7. Be3 Bxe3 8. fxe3
Nge7 9. O-O Na5 10. Bb3 Nxb3 11. axb3 a6 12. d4 Nc6 13. Qd3 Nb4 14. Qc4 Nxc2 15.
Rae1 Nxe1 16. Rxe1 b5 17. Qd3 Qe7 18. Nd5 Qd8 19. Qc3 c6 20. Nb4 Qb6 21. Rc1 Rc8
22. Nd3 O-O 23. b4 Rc7 24. Kf2 Ra8 25. Ra1 Rca7 26. Qb3+ Kf8 27. Qa3 Ke7 28. Qc3
a5 29. bxa5 Rxa5 30. Rxa5 Qxa5 31. Qxa5 Rxa5 32. Ke2 Bc8 33. Kd2 Ba6 34. Kc3 Bb7
35. Kb4 Ra4+ 36. Kc3 Ba6 37. Nb4 c5 38. Nd5+ Kf7 39. g4 exd4+ 40. exd4 cxd4+ 41.
Nxd4 Rc4+ 42. Kd3 b4 43. Ke3 Rc1 44. Nxb4 Re1+ 45. Kf4 g5+ 46. Kf3 Rf1+ 47. Kg2
Rd1 48. Nf5 Rd2+ 49. Kf3 Bc4 50. Nc6 Rxb2 51. Nxd6+ Kg6 52. Nxc4 Rc2 53. N6a5
Rc1 54. e5 fxe5 55. Nxe5+ Kf6 56. Nac4 Ke6 57. Ke4 Re1+ 58. Kd4 Rd1+ 59. Kc5
Rd5+ 60. Kc6 Rxe5 61. Nxe5 Kxe5 62. Kd7 Kf6 63. Kd6 Kg6 64. Ke6 h6 65. Ke7 h5
66. Ke6 hxg4 67. hxg4 Kg7 68. Kf5 Kh6 69. Kf6 Kh7 70. Kxg5 Kg7 71. Kf5 Kf7 72.
g5 Kg7 73. g6 Kg8 74. Kf6 Kh8 75. g7+ Kg8 76. Kg6 {Black stalemated} 1/2-1/2

[Event "Team 45 45 League T53"]
[Site "Internet Chess Club"]
[Date "2012.06.02"]
[Round "3"]
[White "AtomicDog"]
[Black "joshq03"]
[Result "0-1"]
[WhiteElo "1349"]
[BlackElo "1413"]
[Opening "Sicilian: Labourdonnais-Löwenthal (Kalashnikov) variation"]
[ECO "B32"]
[Time "15:05:14"]
[TimeControl "2700+45"]

1. e4 c5 2. Nf3 Nc6 3. d4 cxd4 4. Nxd4 e5 5. Nb5 d6 6. N1c3 a6 7. Na3 b5 8. Nd5
Be6 9. Be3 Rb8 10. Bd3 g6 11. O-O Bg7 12. f4 Nf6 13. Nxf6+ Bxf6 14. f5 Bd7 15.
fxg6 fxg6 16. Qf3 O-O 17. Qe2 Be6 18. c3 d5 19. Bc5 Rf7 20. exd5 Qxd5 21. Be3
Rbf8 22. Rad1 e4 23. Bxb5 Qxa2 24. Bxc6 Bxc3 25. Bc5 Rc8 26. Qxe4 Bxb2 27. Rxf7
Bxf7 28. Bd5 Bxd5 29. Qxd5+ Qxd5 30. Rxd5 a5 31. Nb5 a4 32. Ba3 Rc1+ 33. Kf2
Rc2+ 34. Kf3 Bxa3 35. Rd8+ Kg7 36. Ra8 Rc4 37. Ke2 Bc5 38. Rc8 Rc2+ 39. Kd3 Rxg2
40. Rxc5 Rxh2 41. Rc4 Rh3+ 42. Kc2 a3 43. Ra4 h5 44. Nxa3 g5 45. Kd2 g4 46. Re4
Rxa3 47. Re5 h4 48. Rg5+ Kh6 49. Rxg4 h3 50. Ke2 Kh5 51. Rg1 Kh4 52. Kf2 Ra2+
53. Kf1 h2 54. Rh1 Kh3 {White resigns} 0-1

[Event "Team 45 45 League T53"]
[Site "Internet Chess Club"]
[Date "2012.06.03"]
[Round "3"]
[White "moodle"]
[Black "cedricsenez"]
[Result "1-0"]
[WhiteElo "1351"]
[BlackElo "1214"]
[Opening "Four knights: double Ruy Lopez"]
[ECO "C49"]
[Time "15:00:15"]
[TimeControl "2700+45"]

1. e4 e5 2. Nf3 Nc6 3. Nc3 Nf6 4. Bb5 Bb4 5. a3 Bxc3 6. dxc3 d6 7. Bg5 O-O 8.
O-O Be6 9. Bxc6 bxc6 10. b4 h6 11. Bxf6 Qxf6 12. g3 Bg4 13. Kg2 d5 14. exd5 cxd5
15. h3 e4 16. hxg4 exf3+ 17. Qxf3 Qxf3+ 18. Kxf3 Rfe8 19. Rfe1 a6 20. Rxe8+ Rxe8
21. Rd1 c6 22. Rd4 g5 23. c4 Rd8 24. cxd5 cxd5 25. c4 Kf8 26. Rxd5 Rc8 27. c5
Ke7 28. Ke4 Rc6 29. a4 Re6+ 30. Kd4 Re1 31. Re5+ Rxe5 32. Kxe5 f6+ 33. Kd5 Kd7
34. b5 axb5 35. axb5 Kc8 36. Kd6 Kd8 37. c6 Kc8 38. b6 Kd8 39. b7 {Black
resigns} 1-0

[Event "Team 45 45 League T53"]
[Site "Internet Chess Club"]
[Date "2012.06.04"]
[Round "3"]
[White "julesraider"]
[Black "dschesq"]
[Result "1-0"]
[WhiteElo "1611"]
[BlackElo "1593"]
[Opening "Nimzo-Indian: classical, 4...c5"]
[ECO "E38"]
[Time "22:05:32"]
[TimeControl "2700+45"]

1. d4 Nf6 2. c4 e6 3. Nc3 Bb4 4. Qc2 c5 5. a3 cxd4 6. axb4 dxc3 7. Qxc3 b6 8.
Nf3 Bb7 9. Bg5 d6 10. e3 Nbd7 11. Be2 Rc8 12. Rxa7 Ba8 13. O-O O-O 14. Qd3 Bxf3
15. Bxf3 Ne5 16. Bxf6 Qxf6 17. Qxd6 Nxf3+ 18. gxf3 Qxf3 19. Rd1 Rxc4 20. Qxf8+
{Black resigns} 1-0

[Event "Team 45 45 League T53"]
[Site "Internet Chess Club"]
[Date "2012.06.04"]
[Round "3"]
[White "akshayk06"]
[Black "KidRattler"]
[Result "1-0"]
[WhiteElo "1435"]
[BlackElo "1357"]
[Opening "QGD semi-Slav"]
[ECO "D43"]
[Time "14:02:06"]
[TimeControl "2700+45"]

1. d4 d5 2. c4 c6 3. Nc3 Nf6 4. Nf3 e6 5. Bg5 Bb4 6. cxd5 Bxc3+ 7. bxc3 cxd5 8.
e3 O-O 9. Bd3 Nc6 10. O-O Bd7 11. Ne5 Be8 12. Ng4 Kh8 13. Nxf6 h6 14. Qh5 Qc7
15. Bxh6 gxh6 16. Qxh6# {Black checkmated} 1-0

[Event "Team 45 45 League T53"]
[Site "Internet Chess Club"]
[Date "2012.05.31"]
[Round "3"]
[White "kingsrook"]
[Black "obaut"]
[Result "1/2-1/2"]
[WhiteElo "1225"]
[BlackElo "1383"]
[Opening "Queen's pawn game"]
[ECO "D04"]
[Time "18:00:04"]
[TimeControl "2700+45"]

1. d4 d5 2. Nf3 Nf6 3. e3 Nc6 4. c3 Bg4 5. Nbd2 e6 6. Bd3 Bd6 7. O-O O-O 8. e4
e5 9. h3 Bh5 10. Qb3 exd4 11. Nxd4 Nxd4 12. cxd4 dxe4 13. Nxe4 Nd5 14. Qxb7 Nb4
15. Bb1 Be2 16. Nxd6 Qxd6 17. Re1 Qxd4 18. Qe4 Qxe4 19. Bxe4 Bb5 20. Re3 Rae8
21. f3 Rxe4 22. Rxe4 Nc2 23. Rb1 Bd3 24. Re7 Nd4 25. Ra1 Nc2 26. Rb1 Nb4 27. Ra1
Nc2 {Game drawn by mutual agreement} 1/2-1/2

[Event "Team 45 45 League T53"]
[Site "Internet Chess Club"]
[Date "2012.06.04"]
[Round "3"]
[White "clarinetref"]
[Black "Juan73"]
[Result "0-1"]
[WhiteElo "1636"]
[BlackElo "1680"]
[Opening "Center game: Berger variation"]
[ECO "C22"]
[Time "17:11:23"]
[TimeControl "2700+45"]

1. e4 e5 2. d4 exd4 3. Qxd4 Nc6 4. Qe3 Nf6 5. Nc3 Bb4 6. Bd2 O-O 7. O-O-O Qe7 8.
Bc4 d6 9. f3 a6 10. g4 b5 11. Bb3 Na5 12. Bd5 c6 13. Bb3 Nxb3+ 14. cxb3 Be6 15.
g5 Ne8 16. Nge2 a5 17. Nd4 Bd7 18. Nce2 c5 19. Nc2 Nc7 20. a3 Bxd2+ 21. Qxd2 Ra6
22. h4 Be6 23. Qe3 c4 24. Ncd4 cxb3 25. Nxe6 Qxe6 26. Kb1 a4 27. Nd4 Qd7 28. Nf5
Re8 29. Qc3 Ne6 30. h5 Rc6 31. Qd2 Rd8 32. g6 Qc7 33. Qb4 Rc2 34. gxf7+ Kxf7 35.
Nxd6+ Rxd6 36. Qxd6 Rxb2+ 37. Ka1 Ra2+ {White resigns} 0-1

[Event "Team 45 45 League T53"]
[Site "Internet Chess Club"]
[Date "2012.06.01"]
[Round "3"]
[White "PANAMA-REY"]
[Black "jwsalaz"]
[Result "1-0"]
[WhiteElo "1504"]
[BlackElo "1337"]
[Opening "King's pawn game"]
[ECO "C50"]
[Time "19:00:46"]
[TimeControl "2700+45"]

1. e4 e5 2. Nf3 Nc6 3. Bc4 Nh6 4. a3 Bc5 5. Nc3 O-O 6. d3 d6 7. Bxh6 gxh6 8. Qd2
Bg4 9. O-O-O a6 10. Qxh6 Kh8 11. Ng5 Rg8 12. Qxh7# {Black checkmated} 1-0

[Event "Team 45 45 League T53"]
[Site "Internet Chess Club"]
[Date "2012.05.31"]
[Round "3"]
[White "jjaillet2007"]
[Black "samjalex87"]
[Result "0-1"]
[WhiteElo "1372"]
[BlackElo "1154"]
[Opening "QGD: semi-Slav"]
[ECO "D31"]
[Time "18:00:10"]
[TimeControl "2700+45"]

1. d4 d5 2. c4 e6 3. Nc3 c6 4. cxd5 exd5 5. Nf3 Nf6 6. Bg5 g6 7. e3 Be6 8. Bd3
Bg7 9. O-O O-O 10. Re1 Nbd7 11. e4 dxe4 12. Nxe4 Qb6 13. b3 Nd5 14. Bc4 Qc7 15.
Bxd5 Bxd5 16. Rc1 h6 17. Bh4 Rfe8 18. Bg3 Qb6 19. Nc5 Nf6 20. Be5 Rad8 21. Bxf6
Bxf6 22. Rxe8+ Rxe8 23. Nd7 Qd8 24. Nfe5 Bxe5 25. Nxe5 Qg5 26. g3 Qf5 27. Qg4
Rxe5 28. Qf4 Qxf4 29. gxf4 Re4 30. f5 Rxd4 31. fxg6 fxg6 32. Re1 Kf7 33. h3 Rd2
34. Ra1 b5 35. Kf1 Rd3 36. h4 Rh3 37. a4 Rh1+ {White resigns} 0-1

[Event "Team 45 45 League T53"]
[Site "Internet Chess Club"]
[Date "2012.06.02"]
[Round "3"]
[White "nanning"]
[Black "JRussell2"]
[Result "1-0"]
[WhiteElo "1624"]
[BlackElo "1458"]
[Opening "Catalan opening"]
[ECO "E00"]
[Time "15:00:37"]
[TimeControl "2700+45"]

1. d4 Nf6 2. c4 e6 3. g3 Bb4+ 4. Bd2 Qe7 5. Bg2 Nc6 6. a3 Bxd2+ 7. Qxd2 O-O 8.
Nc3 Rd8 9. Nf3 d5 10. cxd5 Nxd5 11. O-O b6 12. Nxd5 exd5 13. Rac1 Bb7 14. Rfe1
Qf6 15. Qc3 Rac8 16. Bh3 Rb8 17. Ne5 Nxe5 18. dxe5 Qe7 19. Qxc7 Qg5 20. e6 fxe6
21. Bxe6+ Kh8 22. h4 Qf6 23. Qf7 Qxf7 24. Bxf7 h6 25. Rc7 d4 26. Bg6 a5 27. Rec1
Ba6 28. Re7 d3 29. Rcc7 Rbc8 30. exd3 Rxc7 31. Rxc7 Bxd3 32. Bxd3 Rxd3 33. Rc3
Rd6 34. Kf1 Kg8 35. Ke2 Kf7 36. f3 Kf6 37. Ke3 Re6+ 38. Kd4 g5 39. hxg5+ hxg5
40. Kd5 Kf5 41. g4+ Kf6 42. Rc6 Rxc6 43. Kxc6 Ke5 44. Kxb6 Kf4 45. b4 Kxf3 46.
b5 Kxg4 47. Kxa5 Kf4 48. b6 g4 49. b7 g3 50. b8=Q+ {Black resigns} 1-0

[Event "Team 45 45 League T53"]
[Site "Internet Chess Club"]
[Date "2012.06.03"]
[Round "3"]
[White "BrerRabbit"]
[Black "tryanything"]
[Result "0-1"]
[WhiteElo "1479"]
[BlackElo "1591"]
[Opening "English opening"]
[ECO "A20"]
[Time "19:01:05"]
[TimeControl "2700+45"]

1. c4 e5 2. g3 Nf6 3. Bg2 c6 4. d4 exd4 5. Qxd4 Be7 6. Nf3 O-O 7. O-O d5 8. cxd5
Qxd5 9. Nc3 Qh5 10. Bf4 Be6 11. Qe5 Nbd7 12. Qxh5 Nxh5 13. Bg5 Nhf6 14. Rfd1 h6
15. Bf4 Nb6 16. b3 Nbd5 17. Nxd5 Nxd5 18. Be5 Bf6 19. Bxf6 Nxf6 20. Ne5 Rad8 21.
Rac1 Ng4 22. Nc4 Bxc4 23. Rxd8 Rxd8 24. Rxc4 Nf6 25. Rc2 Rd1+ 26. Bf1 Ne4 27.
Kg2 Nd2 28. e4 Nxf1 29. Re2 Nd2 30. e5 Nb1 31. a4 Nc3 32. Re3 Nd5 33. Re4 Rb1
34. f4 Rxb3 35. f5 Rb4 36. Re2 Rxa4 37. e6 fxe6 38. fxe6 Kf8 39. Rf2+ Ke7 40.
Rf7+ Kxe6 41. Rxg7 b5 42. Rg6+ Kd7 43. Rxh6 b4 44. Rh7+ Kd6 45. Rh6+ Kc5 46. Rh8
b3 47. Rb8 Ra2+ 48. Kh3 b2 49. g4 Nb4 50. Rf8 b1=Q 51. Rf5+ Nd5 {White resigns}
0-1

[Event "Team 45 45 League T53"]
[Site "Internet Chess Club"]
[Date "2012.06.03"]
[Round "3"]
[White "JohLeb"]
[Black "matthewc"]
[Result "1-0"]
[WhiteElo "1419"]
[BlackElo "1433"]
[Opening "QGD"]
[ECO "D43"]
[Time "18:12:23"]
[TimeControl "2700+45"]

1. d4 d5 2. c4 e6 3. Nf3 Nf6 4. Bg5 c6 5. Nc3 Bb4 6. e3 Qa5 7. Qc2 Nbd7 8. Bd3
dxc4 9. Bxc4 Nd5 10. Rc1 Nxc3 11. bxc3 Ba3 12. Rb1 Nb6 13. Bb3 Nd5 14. Bxd5 cxd5
15. O-O O-O 16. Nd2 Qc7 17. f4 Bd6 18. c4 b6 19. Rfc1 Bb7 20. Qb3 Qd7 21. c5
bxc5 22. Qxb7 Qxb7 23. Rxb7 cxd4 24. exd4 f6 25. Rd7 Bb4 26. Rcc7 Rfc8 27. Rxg7+
Kf8 28. Bh6 Bxd2 29. Rxh7+ Kg8 30. Rhg7+ Kf8 31. Rgf7+ Kg8 32. Rxc8+ Rxc8 33.
Rxf6 Rc1+ 34. Kf2 Be1+ 35. Ke2 Bb4 36. f5 exf5 37. Bxc1 Be7 38. Rxf5 Bd6 39. g3
Kg7 40. Rxd5 Bf8 41. Rd7+ Kf6 42. Rxa7 Ke6 43. Kd3 Bd6 44. Ra6 Kd5 45. Rxd6+
Kxd6 46. Ke4 Ke6 47. a4 Kd6 48. h4 Ke6 49. a5 Kd6 50. a6 Kc6 51. a7 Kb7 52. Ke5
Kxa7 53. Ke6 Kb7 54. d5 Kc7 55. Ke7 Kb6 56. d6 Kc5 57. d7 Kd5 58. d8=Q+ Ke5 59.
Bf4+ Kf5 60. Qf8+ Kg4 61. Qa8 Kh5 62. Kf6 Kg4 63. Qd5 Kh3 64. Qf3 Kh2 65. g4+
Kg1 66. Be3+ Kh2 67. Qf4+ Kh1 68. h5 Kg2 69. h6 Kh3 70. h7 Kh4 71. h8=Q# {Black
checkmated} 1-0

[Event "Team 45 45 League T53"]
[Site "Internet Chess Club"]
[Date "2012.06.02"]
[Round "3"]
[White "Danny-ONeil"]
[Black "theartist"]
[Result "1-0"]
[WhiteElo "1219"]
[BlackElo "1184"]
[Opening "Queen's pawn game"]
[ECO "E10"]
[Time "10:17:08"]
[TimeControl "2700+45"]

1. d4 Nf6 2. c4 e6 3. Nf3 c5 4. e3 Nc6 5. Nc3 d5 6. cxd5 exd5 7. Be2 Be7 8. O-O
O-O 9. a3 Be6 10. Qc2 Qc7 11. dxc5 Bxc5 12. Nxd5 Ne7 13. Nxc7 {Black resigns}
1-0

[Event "Team 45 45 League T53"]
[Site "Internet Chess Club"]
[Date "2012.05.31"]
[Round "3"]
[White "sockmonkey"]
[Black "Patzer4Life"]
[Result "0-1"]
[WhiteElo "1386"]
[BlackElo "1417"]
[Opening "Queen's pawn"]
[ECO "A40"]
[Time "11:40:06"]
[TimeControl "2700+45"]

1. d4 e6 2. Nf3 d5 3. Bg5 Be7 4. Bxe7 Nxe7 5. e3 Nd7 6. Bd3 c5 7. c3 c4 8. Bc2
a6 9. Nbd2 b5 10. b4 Bb7 11. e4 a5 12. a3 axb4 13. axb4 Rxa1 14. Qxa1 O-O 15.
O-O Nc6 16. exd5 exd5 17. Re1 Nf6 18. h3 Qd7 19. Ne5 Qd8 20. Nxc6 Bxc6 21. Nf3
Bb7 22. Re2 Ne4 23. Nd2 f5 24. Nxe4 fxe4 25. Qa5 Qxa5 26. bxa5 Ra8 27. f3 exf3
28. gxf3 Kf7 29. h4 h6 30. Rg2 Rxa5 31. Bg6+ Ke7 32. Re2+ Kf6 33. h5 Ra3 34. Rb2
Rb3 35. Rxb3 cxb3 36. Bd3 Bc6 37. Kg2 Kg5 38. Kg3 Kxh5 39. Kf4 g5+ 40. Ke5 Kh4
41. Kd6 Ba8 42. Bxb5 Kg3 43. Kc5 b2 44. Bd3 Kxf3 45. Kb4 g4 46. Kb3 g3 {White
resigns} 0-1

[Event "Team 45 45 League T53"]
[Site "Internet Chess Club"]
[Date "2012.06.04"]
[Round "3"]
[White "chicopee-ed"]
[Black "Check101"]
[Result "0-1"]
[WhiteElo "1293"]
[BlackElo "1469"]
[Opening "Réti: King's Indian attack"]
[ECO "A05"]
[Time "14:05:02"]
[TimeControl "2700+45"]

1. Nf3 Nf6 2. g3 g6 3. Bg2 Bg7 4. O-O O-O 5. d3 d5 6. Nbd2 c5 7. e4 Nc6 8. c3
Bg4 9. Qe1 dxe4 10. dxe4 Qd3 11. h3 Bxf3 12. Bxf3 Ne5 13. Be2 Qd7 14. Kg2 Rad8
15. Nc4 Nd3 16. Bxd3 Qxd3 17. Ne5 Qxe4+ 18. Qxe4 Nxe4 19. Nf3 b5 20. Re1 f5 21.
Bg5 Rd7 22. Rad1 Rfd8 23. Rxd7 Rxd7 24. Be3 b4 25. cxb4 cxb4 26. b3 Nc3 27. Nd2
Nxa2 28. Nc4 Nc3 29. Ra1 Nd5 30. Rxa7 Nxe3+ 31. fxe3 Rxa7 32. Kf3 Rc7 33. Ke2
Rxc4 34. bxc4 b3 35. Kd3 b2 36. Kc2 Kf8 37. g4 Ke8 38. g5 Kd7 39. h4 Kc6 40. Kb1
Kc5 41. Kc2 Kxc4 {White resigns} 0-1

[Event "Team 45 45 League T53"]
[Site "Internet Chess Club"]
[Date "2012.05.31"]
[Round "3"]
[White "Iowa-Archer"]
[Black "Aquaman"]
[Result "0-1"]
[WhiteElo "1366"]
[BlackElo "1270"]
[Opening "KGD: classical, 4.c3"]
[ECO "C30"]
[Time "20:00:39"]
[TimeControl "2700+45"]

1. e4 e5 2. f4 Bc5 3. Nf3 d6 4. c3 Nf6 5. d4 exd4 6. cxd4 Bb4+ 7. Nc3 Nxe4 8.
Qa4+ Nc6 9. d5 Nxc3 10. bxc3 Bxc3+ 11. Bd2 Bxa1 12. dxc6 b6 13. Bd3 Bf6 14. O-O
O-O 15. Qe4 g6 16. Bc4 Bf5 17. Qd5 Be6 18. Qe4 Bxc4 19. Qxc4 Re8 20. Ng5 Bxg5
21. fxg5 Rf8 22. Qh4 h5 23. gxh6 Qxh4 24. Rf4 Qxh6 {White resigns} 0-1

[Event "Team 45 45 League T53"]
[Site "Internet Chess Club"]
[Date "2012.05.31"]
[Round "3"]
[White "tornado100"]
[Black "guyd52"]
[Result "1-0"]
[WhiteElo "1338"]
[BlackElo "1275"]
[Opening "Pirc: classical (two knights) system"]
[ECO "B08"]
[Time "19:30:38"]
[TimeControl "2700+45"]

1. e4 d6 2. d4 Nf6 3. Nc3 g6 4. Nf3 Bg7 5. Bc4 O-O 6. Bg5 c6 7. O-O b5 8. Bb3
Nbd7 9. a4 a6 10. axb5 cxb5 11. Nxb5 Nxe4 12. Re1 Bb7 13. Nxd6 Nxg5 14. Nxb7
Nxf3+ 15. Qxf3 Qb6 16. Rxe7 Nf6 17. Nc5 Rad8 18. Rxa6 Qb8 19. Rxf6 Qa8 20. h3
Qxf3 21. Rxf3 Bxd4 22. Bxf7+ Kh8 23. Ne6 Bxb2 24. Nxd8 Rxd8 25. Re8+ Rxe8 26.
Bxe8 Bd4 27. c3 Bc5 28. c4 Kg7 29. Rf7+ Kg8 30. Rc7 Bd6 31. Rd7 Bc5 32. Rd5 Ba7
33. c5 Kf8 34. Bb5 Ke7 35. c6 Bb8 36. Rd7+ Kf6 37. c7 Bxc7 38. Rxc7 Kg5 39. Kf1
Kh6 40. Rc5 Kg7 41. Ke2 Kf6 42. Ke3 g5 43. f4 h6 44. fxg5+ hxg5 45. g3 Kg6 46.
h4 gxh4 47. gxh4 Kh6 48. Kf4 Kg7 49. Kf5 Kh6 50. Kg4 Kg7 51. Rc6 Kh7 52. Kg5 Kg7
53. Rc7+ Kh8 54. Kg6 Kg8 55. Rc8# {Black checkmated} 1-0

[Event "Team 45 45 League T53"]
[Site "Internet Chess Club"]
[Date "2012.06.02"]
[Round "3"]
[White "Just-Jim"]
[Black "ethan0627"]
[Result "1-0"]
[WhiteElo "1284"]
[BlackElo "1244"]
[Opening "Giuoco Pianissimo"]
[ECO "C55"]
[Time "11:00:34"]
[TimeControl "2700+45"]

1. e4 e5 2. Nf3 Nc6 3. Bc4 Nf6 4. d3 Bc5 5. Be3 Bb6 6. Ng5 O-O 7. Nxf7 Rxf7 8.
Bxf7+ Kxf7 9. Qf3 Bxe3 10. fxe3 d6 11. h3 Nb4 12. Na3 d5 13. O-O-O Nxa2+ 14. Kb1
Nb4 15. c3 Nc6 16. exd5 Qxd5 17. Rhf1 Qxf3 18. Rxf3 g6 19. Rdf1 Bf5 20. e4 Ke6
21. exf5+ gxf5 22. Rxf5 Rf8 23. Nb5 Ne7 24. Nxc7+ Kd6 25. Rxf6+ Rxf6 26. Rxf6+
Kxc7 27. Rf7 Kd7 28. Rxh7 Kd6 29. g4 Ke6 30. Kc2 Kf6 31. g5+ Ke6 32. h4 Ng6 33.
Rxb7 Kf5 34. h5 Nh4 35. g6 Nxg6 36. hxg6 Kxg6 37. Rxa7 Kf5 38. b4 Ke6 39. b5 Kd6
40. b6 Kc6 41. Re7 Kxb6 42. Rxe5 Kc6 43. d4 Kd6 44. Kd3 Kc6 45. c4 Kd6 46. Ke4
Kc6 47. c5 Kc7 48. d5 Kd7 49. c6+ Kc7 50. Re6 Kc8 51. Ke5 Kc7 52. Re7+ Kd8 53.
d6 Kc8 54. Re8# {Black checkmated} 1-0